 Dungeon Crawl Stone Soup version 0.28.0-45-g0d030f2227 (webtiles) character file.

Game seed: 7233052419956493712

63 Ablot the Cutter (level 4, -6/41 HPs)
             Began as a Gnoll Chaos Knight on Apr 20, 2022.
             Was a Plaything of Xom.
             Mangled by Grinder the chaos spawn (7 damage)
             ... on level 3 of the Dungeon.
             The game lasted 00:02:39 (1766 turns).

Ablot the Cutter (Gnoll Chaos Knight)               Turns: 1766, Time: 00:02:39

Health: -6/41      AC: 10    Str: 15    XL:     4   Next: 9%
Magic:  0/5        EV: 12    Int: 11    God:    Xom [..*...]
Gold:   108        SH:  0    Dex: 12    Spells: 5/5 levels left

rFire   . . .      SeeInvis .   a - +0 short sword (chaos)
rCold   . . .      Faith    .   (no shield)
rNeg    . . .      Spirit   .   b - +2 leather armour
rPois   .          Reflect  .   (no helmet)
rElec   .          Harm     .   (no cloak)
rCorr   +          Rampage  .   e - +0 pair of gloves
Will    .....                   g - +2 pair of boots "Wohira" {Str+2}
Stlth   +.........              (no amulet)
HPRegen 0.13/turn               m - ring of wizardry
MPRegen 0.09/turn               f - ring of resist corrosion

@: lethally poisoned (-6 -> -17)
A: fangs 1, strong nose, distributed training
a: Renounce Religion


You were on level 3 of the Dungeon.
You worshipped Xom.
You were a toy of Xom.
You visited 1 branch of the dungeon, and saw 3 of its levels.

You collected 108 gold pieces.

Inventory:

Hand Weapons
 a - a +0 short sword of chaos (weapon)
Missiles
 c - 73 stones (quivered)
 h - 18 sling bullets
 k - 15 arrows
Armour
 b - a +2 leather armour (worn)
 e - a +0 pair of gloves (worn)
 g - the +2 pair of boots "Wohira" (worn) {Str+2}
   (You found it on level 2 of the Dungeon)

   Str:       It affects your strength (+2).
Jewellery
 f - a ring of resist corrosion (right hand)
 m - a ring of wizardry (left hand)
Wands
 o - a wand of polymorph (9)
Scrolls
 d - a scroll of blinking {unknown}
 j - 3 scrolls of identify {unknown}
 l - 2 scrolls of immolation {unknown}
Potions
 i - a potion of heal wounds {unknown}
 n - a potion of might {unknown}


   Skills:
 + Level 6.6 Fighting
 + Level 6.6 Short Blades
 + Level 1.0 Long Blades
 + Level 1.0 Axes
 + Level 1.0 Maces & Flails
 + Level 1.0 Polearms
 + Level 1.0 Staves
 + Level 1.0 Slings
 + Level 1.0 Bows
 + Level 1.0 Crossbows
 + Level 1.0 Throwing
 + Level 4.6 Armour
 + Level 2.7 Dodging
 + Level 1.0 Stealth
 + Level 1.0 Shields
 + Level 1.0 Unarmed Combat
 + Level 1.0 Spellcasting
 + Level 0.8 Conjurations
 + Level 0.8 Hexes
 + Level 0.8 Summonings
 + Level 0.8 Necromancy
 + Level 0.8 Translocations
 + Level 0.8 Transmutations
 + Level 0.8 Fire Magic
 + Level 0.8 Ice Magic
 + Level 0.8 Air Magic
 + Level 0.8 Earth Magic
 + Level 0.8 Poison Magic
 + Level 1.1 Invocations
 + Level 1.0 Evocations


You had 5 spell levels left.
You didn't know any spells.
Your spell library contained the following spells:

 Spells                   Type           Power      Damage    Failure   Level
 Summon Small Mammal      Summ           8%         N/A       11%         1
 Call Canine Familiar     Summ           2%         N/A       32%         3
 Summon Guardian Golem    Hex/Summ       2%         N/A       32%         3


Dungeon Overview and Level Annotations

Branches:
Dungeon (3/15)

Altars:

Shops:
D:3 (

Annotations:
D:3 Grinder


Innate Abilities, Weirdness & Mutations

You have very sharp teeth.
Your uncanny sense of smell can sniff out nearby items.
Your experience applies equally to all skills.


Message History

Grinder is lightly wounded.
Grinder splatters into many small globs of multi-coloured light, then recombines.
Grinder hits you. Grinder shocks you!
You hit Grinder but do no damage.
Grinder seems to speed up.
Grinder is lightly wounded.
Grinder gores you but does no damage.
You hit Grinder.
Grinder is lightly wounded.
Grinder hits you but does no damage. Grinder closely misses you.
You completely miss Grinder.
Grinder is lightly wounded.
Grinder gibbers incoherently in a cacophony of voices.
Grinder barely misses you.
You closely miss Grinder.
Grinder is lightly wounded.
Grinder gores you!
You feel your power leaking away.
You hit Grinder but do no damage.
Grinder is moderately wounded.
Grinder hits you but does no damage.
You hit Grinder but do no damage.
Grinder is moderately wounded.
Grinder barely misses you.
You hit Grinder. You burn Grinder.
Grinder is heavily wounded.
Grinder hits you!
You are engulfed in flames.
* * * LOW HITPOINT WARNING * * *
Grinder gores you.
* * * LOW HITPOINT WARNING * * *
You are lethally poisoned!
Grinder poisons you!
You barely miss Grinder.
Grinder is heavily wounded.
* * * LOW HITPOINT WARNING * * *
You feel very sick. Grinder gores you.
* * * LOW HITPOINT WARNING * * *
Grinder shocks you!
You die...
Xom thinks this is hilarious!

.. ....###
##.##.#.#..
#.......#.#
.......#.#
.....#.#
#####.#<#.#
$.......#.#####.#
#...4@........#
#.#...#.#####.#
#...#.......#
#...#######.#
#...# .....
#####. ##### .
#..<# #.###


You could see Grinder the chaos spawn (fast, poisoned).

Vanquished Creatures
  2 adders (D:2)
  A worm (D:2)
  2 dart slugs (D:1)
  3 endoplasms
  2 giant cockroaches
  4 goblins
  6 hobgoblins
  A jackal (D:1)
  A quokka (D:2)
  4 ball pythons
  A bat (D:2)
  A frilled lizard (D:1)
  4 kobolds
  2 rats (D:2)
34 creatures vanquished.

Vanquished Creatures (others)
  2 plants (D:1)
2 creatures vanquished.

Grand Total: 36 creatures vanquished

Notes
Turn   | Place    | Note
-------+----------+-------------------------------------------
     0 | D:1      | Ablot the Gnoll Chaos Knight began the quest for the Orb.
     0 | D:1      | Reached XP level 1. HP: 23/23 MP: 1/1
    11 | D:1      | You fall into a shaft and drop 1 floor!
   206 | D:2      | Identified the +2 pair of boots "Wohira" {Str+2}
   297 | D:2      | Reached XP level 2. HP: 24/29 MP: 2/2
   408 | D:2      | Reached XP level 3. HP: 35/35 MP: 3/3
   784 | D:1      | Found a faded altar of an unknown god.
   954 | D:1      | Reached skill level 1 in Invocations
  1517 | D:2      | Reached skill level 1 in Long Blades
  1517 | D:2      | Reached skill level 1 in Axes
  1517 | D:2      | Reached skill level 1 in Maces & Flails
  1517 | D:2      | Reached skill level 1 in Polearms
  1517 | D:2      | Reached skill level 1 in Staves
  1517 | D:2      | Reached skill level 1 in Slings
  1517 | D:2      | Reached skill level 1 in Bows
  1517 | D:2      | Reached skill level 1 in Crossbows
  1517 | D:2      | Reached skill level 1 in Throwing
  1517 | D:2      | Reached skill level 1 in Stealth
  1517 | D:2      | Reached skill level 1 in Shields
  1517 | D:2      | Reached skill level 1 in Unarmed Combat
  1517 | D:2      | Reached skill level 1 in Spellcasting
  1517 | D:2      | Reached skill level 1 in Evocations
  1593 | D:2      | Reached XP level 4. HP: 41/41 MP: 5/5
  1752 | D:3      | Found Levosoda's Antique Weapon Emporium.
  1752 | D:3      | XOM: 4-stop teleportation journey
  1753 | D:3      | Noticed Grinder
  1755 | D:3      | Noticed Grinder
  1755 | D:3      | Grinder changed into Grinder the chaos spawn
  1766 | D:3      | HP: 1/41 [Grinder the chaos spawn (2)]
  1766 | D:3      | Mangled by Grinder the chaos spawn

Illustrated notes

Levels and vault maps discovered:
D:1:      grunt_arrival_lava_bath, layout_basic, basic_ecumenical_altar,
          serial_forest, infiniplex_forest_split, infiniplex_forest_straight_1,
          infiniplex_forest_diagonal, infiniplex_forest_lined_2,
          infiniplex_forest_zigzag_1, infiniplex_forest_clump_diagonal,
          infiniplex_forest_straight_2, infiniplex_forest_straight_3
D:2:      layout_basic
D:3:      layout_basic, serial_shops, shop, shop, uniq_grinder

Skill      XL: |  1  2  3 |
---------------+----------+-----
Invocations    | 1 |  1.1
Long Blades    | 1 |  1.0
Axes           | 1 |  1.0
Maces & Flails | 1 |  1.0
Polearms       | 1 |  1.0
Staves         | 1 |  1.0
Slings         | 1 |  1.0
Bows           | 1 |  1.0
Crossbows      | 1 |  1.0
Throwing       | 1 |  1.0
Stealth        | 1 |  1.0
Shields        | 1 |  1.0
Unarmed Combat | 1 |  1.0
Spellcasting   | 1 |  1.0
Evocations     | 1 |  1.0
Fighting       | |  6.6
Short Blades   | |  6.6
Armour         | |  4.6
Dodging        | |  2.7
Conjurations   | |  0.8
Hexes          | |  0.8
Summonings     | |  0.8
Necromancy     | |  0.8
Translocations | |  0.8
Transmutations | |  0.8
Fire Magic     | |  0.8
Ice Magic      | |  0.8
Air Magic      | |  0.8
Earth Magic    | |  0.8
Poison Magic   | |  0.8

Action                   |  1- 3 |  4- 6 || total
-------------------------+-------+-------++-------
Melee: Short sword       |    93 |    13 ||   106
       Bite              |    11 |       ||    11
Evoke: Wand              |       |     1 ||     1
 Stab: Paralysed         |     1 |       ||     1
       Sleeping          |     1 |       ||     1
Armor: Leather armour    |    34 |     4 ||    38
Dodge: Dodged            |    39 |     3 ||    42
